 Dungeon Crawl Stone Soup version 0.29.1-15-g9cfb28693d (webtiles) character file.

Game seed: 13980140272297348968

9644 raph the Covert (level 11, 0/68 HPs)
             Began as a Kobold Brigand on Apr 24, 2023.
             Was a Priest of Dithmenos.
             Slain by a two-headed ogre
             ... wielding a +0 giant club
              (17 damage)
             ... on level 11 of the Dungeon.
             The game lasted 00:28:27 (17403 turns).

raph the Covert (Kobold Brigand)                   Turns: 17403, Time: 00:28:28

Health: 0/68       AC:  9    Str:  9    XL:     11   Next: 78%
Magic:  11/11      EV: 20    Int: 12    God:    Dithmenos [***...]
Gold:   512        SH:  5    Dex: 21    Spells: 8/11 levels left

rFire   . . .      SeeInvis +   r - +3 dagger (speed)
rCold   . . .      Faith    .   O - +0 buckler
rNeg    . . .      Spirit   .   q - +0 robe
rPois   .          Reflect  .   (no helmet)
rElec   .          Harm     .   c - +0 cloak
rCorr   .          Rampage  .   h - +0 pair of gloves
Will    .....                   I - +0 pair of boots
Stlth   ++++++++++              l - amulet of the acrobat
HPRegen 0.21/turn               i - ring of see invisible
MPRegen 0.12/turn               o - +4 ring of protection

@: wreathed by umbra
A: small, no large weapons, nightstalker 3
a: Renounce Religion, Shadow Step


You were on level 11 of the Dungeon.
You worshipped Dithmenos.
Dithmenos was most pleased with you.
You visited 2 branches of the dungeon, and saw 14 of its levels.

You collected 512 gold pieces.

Inventory:

Hand Weapons
 a - a +3 dagger
 b - a +2 dagger of protection
 n - a +0 dagger of holy wrath
 r - a +3 dagger of speed (weapon)
 P - a +0 rapier
Missiles
 d - 24 poisoned darts (quivered)
 e - 2 curare-tipped darts
 F - 3 throwing nets
 J - 10 boomerangs
 N - 3 boomerangs of dispersal
Armour
 c - a +0 cloak (worn)
 h - a +0 pair of gloves (worn)
 q - a +0 robe (worn)
 I - a +0 pair of boots (worn)
 M - +0 swamp dragon scales
 O - a +0 buckler (worn)
Jewellery
 i - a ring of see invisible (left hand)
 j - a ring of protection from fire
 l - an amulet of the acrobat (around neck)
 m - an amulet of regeneration
 o - a +4 ring of protection (right hand)
 t - an amulet of faith
 x - a ring of flight
 K - a ring of willpower
Wands
 g - a wand of flame (32)
 u - a wand of quicksilver (13)
 A - a wand of polymorph (11)
 C - a wand of charming (14)
Scrolls
 k - 4 scrolls of amnesia
 v - 2 scrolls of magic mapping
 y - 2 scrolls of poison
 G - 6 scrolls of identify
 H - a scroll of teleportation
Potions
 f - 2 potions of resistance
 p - a potion of magic
 s - 2 potions of ambrosia
 w - a potion of heal wounds
 z - 2 potions of brilliance
 B - 4 potions of curing
 D - 2 potions of haste
 E - 3 potions of flight
 L - 2 potions of lignification


   Skills:
 + Level 8.2 Fighting
 - Level 10.0 Short Blades
 + Level 8.2 Throwing
 + Level 8.6 Dodging
 * Level 14.9 Stealth
 + Level 0.4 Shields
 + Level 0.5 Spellcasting
 + Level 0.6 Hexes
 * Level 1.2 Invocations


You had 8 spell levels left.
You knew the following spells:

 Your Spells              Type           Power      Damage    Failure   Level
a - Tukima's Dance        Hex            1%         N/A       75%         3

Your spell library contained the following spells:

 Spells                   Type           Power      Damage    Failure   Level
 Necrotise                Necr           0%         1d4       45%         1
 Portal Projectile        Hex/Tloc       2%         N/A       78%         3
 Gell's Gravitas          Tloc           0%         N/A       83%         3
 Lesser Beckoning         Tloc           0%         N/A       83%         3
 Teleport Other           Tloc           0%         N/A       83%         3
 Vampiric Draining        Necr           0%         2d6       83%         3
 Animate Dead             Necr           0%         N/A       99%         4
 Hailstorm                Conj/Ice       0%         3d3       99%         4
 Ice Form                 Ice/Tmut       0%         N/A       99%         4
 Agony                    Necr           0%         N/A       100%        5
 Blade Hands              Tmut           0%         N/A       100%        5
 Borgnjor's Vile Clutch   Necr/Erth      0%         N/A       100%        5
 Death Channel            Necr           0%         N/A       100%        6
 Simulacrum               Ice/Necr       0%         N/A       100%        6


Dungeon Overview and Level Annotations

Branches:
Dungeon (13/15)            Temple (1/1) D:6            Lair (0/5) D:10
    Orc: D:9-12      Vaults: D:13-14

Altars:
Ashenzari
Cheibriados
Dithmenos
Elyvilon
Fedhas
Gozag
Hepliaklqana
Kikubaaqudgha
Makhleb
Nemelex Xobeh
Okawaru
Qazlal
Ru
Sif Muna
Trog
Uskayaw
Vehumet
Wu Jian
Xom
Yredelemnul
Zin
The Shining One

Shops:
D:1 ((

Annotations:
D:6 1 exclusion
D:7 2 transporters, NimIero's ghost, novice PaSu


Innate Abilities, Weirdness & Mutations

You are small and have problems with some larger weapons.
You are completely attuned to the shadows.


Message History

The two-headed ogre attacks as you move away!
The two-headed ogre closely misses you. The two-headed ogre misses you.
Throw: 25 darts (poison)
Press: ? - help, Q - select action, (/) - cycle Shift-Dir - straight line, f/p - two-headed ogre
Aim: a two-headed ogre, wielding two +0 giant clubs (lightly wounded, poisoned, umbra, 81% to hit)
You throw a poisoned dart.
The poisoned dart hits the two-headed ogre!!
The two-headed ogre looks as sick as possible!
The two-headed ogre is lightly wounded.
The two-headed ogre completely misses you.
You block the two-headed ogre's attack.
The two-headed ogre attacks as you move away!
The two-headed ogre completely misses you.
The two-headed ogre barely misses you.
The two-headed ogre completely misses you.
The two-headed ogre closely misses you.
You barely miss the two-headed ogre.
The two-headed ogre is heavily wounded.
You hit the two-headed ogre but do no damage.
The two-headed ogre is heavily wounded.
The two-headed ogre hits you with a +0 giant club. x2
You hit the two-headed ogre.
The two-headed ogre is heavily wounded.
You hit the two-headed ogre.
The two-headed ogre is severely wounded.
You hit the two-headed ogre.
The two-headed ogre is severely wounded.
You hit the two-headed ogre.
The two-headed ogre is almost dead.
The two-headed ogre hits you with a +0 giant club!!
* * * LOW HITPOINT WARNING * * *
You block the two-headed ogre's attack.
The orc shouts!
There is an open door here.
The orc wizard gestures at you while chanting.
You easily resist.
You hit the two-headed ogre.
The two-headed ogre is almost dead.
The two-headed ogre hits you with a +0 giant club!
You die...

######## #......#
######.# .....>#
####'## ####.#
#+####....# ##
#.##...#### #.
#@##'##### #.
#.O......# #.
##..o..<.### #.
+.......'.######.
#.......#...o....
#.......########.
#.......# #(
#.......# #. ##


You could see a two-headed ogre (poisoned) and an orc wizard (invisible).

Vanquished Creatures
  Harold (D:9)
  2 two-headed ogres
  A cyclops (D:12)
  Maggie (D:9)
  A gargoyle (D:5)
  2 unseen horrors
  A kobold demonologist (D:9)
  2 shadows (D:9)
  2 wyverns
  Grum (D:9)
  Menkaure (D:7)
  3 wargs (D:10)
  3 water moccasins
  An orc warrior (D:9)
  4 black bears
  A sky beast (D:8)
  5 ogres (D:5)
  4 wolves
  4 centaurs
  A kobold brigand (D:7)
  5 necrophages
  A gnoll sergeant (D:10)
  A scorpion (D:5)
  11 wights
  5 killer bees
  4 howler monkeys
  2 bullfrog zombies (D:5)
  A centaur zombie (D:5)
  3 jellies (D:5)
  2 gnoll boudas (D:7)
  4 orc priests
  7 hounds
  3 iguanas
  Natasha (thrice) (D:4)
  12 orc wizards
  A scorpion zombie (D:5)
  A hound zombie (D:5)
  Robin (D:3)
  14 adders
  14 gnolls
  5 white imps
  2 ufetubi
  A worm (D:2)
  2 dart slugs
  18 orcs
  5 ball pythons
  5 endoplasms
  3 giant cockroaches
  10 goblins
  5 hobgoblins
  5 quokkas
  3 bats (D:1)
  5 frilled lizards
  10 kobolds
  3 rats
  A spectral goblin (D:1)
219 creatures vanquished.

Vanquished Creatures (collateral kills)
  A killer bee (D:9)
  An iguana (D:5)
  An adder (D:5)
3 creatures vanquished.

Vanquished Creatures (others)
  A scorpion (D:5)
  A gnoll bouda (D:5)
  An orc (D:5)
  A plant (D:9)
4 creatures vanquished.

Grand Total: 226 creatures vanquished

Notes
Turn   | Place    | Note
-------+----------+-------------------------------------------
     0 | D:1      | raph the Kobold Brigand began the quest for the Orb.
     0 | D:1      | Reached XP level 1. HP: 12/12 MP: 1/1
   129 | D:1      | Reached XP level 2. HP: 14/17 MP: 2/2
   255 | D:1      | Found Beynapt's Weapon Boutique.
   503 | D:1      | Found a faded altar of an unknown god.
   651 | D:1      | Reached XP level 3. HP: 22/22 MP: 3/3
   767 | D:1      | Found Yzeul's Weapon Emporium.
  1845 | D:2      | Reached XP level 4. HP: 27/27 MP: 4/4
  2205 | D:3      | Reached skill level 6 in Stealth
  2287 | D:3      | Found a radiant altar of Vehumet.
  2870 | D:3      | Reached XP level 5. HP: 29/32 MP: 5/5
  3122 | D:3      | Noticed Robin
  3130 | D:3      | Killed Robin
  3536 | D:4      | Reached XP level 6. HP: 32/37 MP: 6/6
  3830 | D:4      | Reached skill level 5 in Short Blades
  3861 | D:4      | Noticed a black bear
  3879 | D:4      | Killed a black bear
  3880 | D:4      | Reached skill level 7 in Stealth
  4015 | D:4      | Reached XP level 7. HP: 29/41 MP: 7/7
  4433 | D:4      | Found a glowing golden altar of the Shining One.
  4433 | D:4      | Found a glowing silver altar of Zin.
  4485 | D:4      | Found a white marble altar of Elyvilon.
  4550 | D:4      | Noticed Natasha
  4553 | D:4      | Killed Natasha
  4658 | D:5      | Entered Level 5 of the Dungeon
  4823 | D:5      | Found a basalt altar of Yredelemnul.
  4944 | D:5      | Reached skill level 8 in Stealth
  4944 | D:5      | Noticed a gargoyle
  4954 | D:5      | Reached XP level 8. HP: 48/48 MP: 8/8
  5009 | D:4      | Noticed Natasha
  5023 | D:4      | Killed Natasha
  5670 | D:5      | Noticed a shadow
  6054 | D:4      | Reached skill level 9 in Stealth
  6453 | D:5      | Found a hide-covered altar of Uskayaw.
  6837 | D:4      | Noticed Natasha
  6842 | D:4      | Reached XP level 9. HP: 53/53 MP: 9/9
  6847 | D:4      | Killed Natasha
  7551 | D:6      | Found a staircase to the Ecumenical Temple.
  7557 | Temple   | Entered the Ecumenical Temple
  7723 | Temple   | Became a worshipper of Dithmenos the Shadowed
  7762 | D:6      | Reached skill level 5 in Fighting
  8137 | D:6      | Reached skill level 5 in Throwing
  8137 | D:6      | Reached skill level 5 in Dodging
  9279 | D:5      | Reached skill level 10 in Stealth
  9334 | D:5      | Killed a gargoyle
  9924 | D:5      | Found a shimmering altar of Xom.
 10159 | D:5      | Found an ornate altar of the Wu Jian Council.
 10343 | D:7      | Found a transporter.
 10345 | D:7      | Found a transporter.
 10346 | D:7      | Noticed NimIero's ghost (novice PaSu)
 10348 | D:7      | Identified the +5 dire flail of the Dragonfly {holy, rN+
                  | Str+4 Int+6}
 10348 | D:7      | Identified the +6 giant spiked club of Wuwai {elec, rF+}
 10348 | D:7      | Noticed a two-headed ogre
 10623 | D:7      | Noticed Menkaure
 10628 | D:7      | Killed Menkaure
 10628 | D:7      | Reached * piety under Dithmenos
 10670 | D:7      | Found a sparkling altar of Nemelex Xobeh.
 10673 | D:7      | Reached skill level 11 in Stealth
 10725 | D:7      | Reached XP level 10. HP: 60/60 MP: 10/10
 11436 | D:7      | Found a stormy altar of Qazlal.
 11524 | D:8      | Reached skill level 10 in Short Blades
 11940 | D:8      | Found an iron altar of Okawaru.
 12059 | D:8      | Reached skill level 12 in Stealth
 12172 | D:8      | Found a burning altar of Makhleb.
 13276 | D:9      | Noticed a two-headed ogre
 13280 | D:9      | Killed a two-headed ogre
 13349 | D:9      | Reached ** piety under Dithmenos
 13504 | D:9      | Noticed Harold
 13568 | D:9      | Killed Harold
 13569 | D:9      | Reached skill level 13 in Stealth
 13803 | D:9      | Noticed Maggie
 13818 | D:9      | Killed Maggie
 13819 | D:9      | Reached XP level 11. HP: 51/67 MP: 11/11
 13973 | D:9      | Found a sacrificial altar of Ru.
 14845 | D:9      | Noticed Grum
 14850 | D:9      | Killed Grum
 14851 | D:9      | Reached skill level 14 in Stealth
 15431 | D:10     | Entered Level 10 of the Dungeon
 15524 | D:10     | Noticed a two-headed ogre
 15559 | D:10     | Killed a two-headed ogre
 15689 | D:10     | You fall into a shaft and drop 3 floors!
 15765 | D:12     | Noticed a cyclops
 15769 | D:12     | Killed a cyclops
 15827 | D:12     | Noticed a deep elf pyromancer
 16010 | D:10     | Found a staircase to the Lair.
 16278 | D:10     | Reached *** piety under Dithmenos
 16283 | D:10     | Learned a level 3 spell: Tukima's Dance
 16887 | D:10     | Found an ancient bone altar of Kikubaaqudgha.
 17228 | D:11     | Reached skill level 1 in Invocations
 17362 | D:11     | Noticed a two-headed ogre
 17403 | D:11     | Slain by a two-headed ogre

Illustrated notes

Levels and vault maps discovered:
D:1:      dpeg_arrival_shelter, layout_loops_cross,
          dreamdust_ecumenical_altar_drowned_temple, serial_shops,
          nicolae_shop_bloodbath_and_beyond, nicolae_shop_statue_plus
D:2:      layout_loops_cross, kennysheep_small_spiral, nicolae_grassy_gnolls
D:3:      layout_basic, fiery_altar_vehumet, minivault_24, uniq_robin
D:4:      layout_loops_ring, dreamdust_divine_triumvirate, uniq_natasha
D:5:      cheibrodos_fzero, layout_loops_cross, xom_confusion_cloud,
          marbit_many_paths, nicolae_yredelemnul_corpse_copse,
          nicolae_wu_jian_immortal_techniques
D:6:      nicolae_whirlpool, layout_layer_cave, temple_fountains
D:7:      layout_basic, nicolae_qazlal_style_of_elements,
          mainiacjoe_overflow_six_doors_small, gammafunk_ghost_smash,
          hangedman_decor_opposing, minmay_microvault, uniq_menkaure
D:8:      layout_basic, kennysheep_little_box, okawaru_trees_1
D:9:      layout_grid_maze, nicolae_ru_the_path_less_chosen, uniq_grum,
          uniq_maggie, uniq_harold
D:10:     layout_basic, tgw_kikubaaqudgha, erik_lair_orcish_takeover
D:11:     layout_roguey, serial_shops, shop_fountains, grunt_decor_fettered,
          hangedman_parallel_progression
D:12:     layout_basic, kennysheep_orc_monster_closet_entryway,
          minmay_increasing_density, uniq_frances
D:13:     layout_small_grid
Temple:   hellmonk_temple_flake

Skill      XL: |  1  2  3  4  5  6  7  8  9 10 11 |
---------------+----------------------------------+-----
Short Blades   | 3 4 5 6 7 9 10 | 10.0
Dodging        | 2 3 4 5 7 8 |  8.6
Stealth        | 6 7 8 9 11 13 14 | 14.9
Fighting       | 3 4 5 7 8 |  8.2
Throwing       | 3 4 5 7 8 |  8.2
Invocations    | 1 |  1.2
Shields        | |  0.4
Spellcasting   | |  0.5
Hexes          | |  0.6

Action                   |  1- 3 |  4- 6 |  7- 9 | 10-12 || total
-------------------------+-------+-------+-------+-------++-------
Melee: Dagger            |    70 |   115 |   380 |   614 ||  1179
       Punch             |       |     1 |     5 |     3 ||     9
Throw: Dart              |    13 |    57 |    40 |    14 ||   124
       Throwing net      |       |       |       |     2 ||     2
Evoke: Wand              |       |       |     5 |     1 ||     6
  Use: Scroll            |     6 |     5 |     9 |     6 ||    26
       Potion            |       |       |     3 |     1 ||     4
 Stab: Sleeping          |    13 |     3 |    26 |    36 ||    78
       Distracted        |     1 |       |     3 |     5 ||     9
       Held in net/web   |       |       |       |     2 ||     2
Armor: Robe              |    17 |    17 |    42 |    44 ||   120
Dodge: Dodged            |    44 |    73 |   216 |   379 ||   712
Block: Buckler           |       |       |       |    24 ||    24
